Map: [ESL] Alcyone

Players

Serral - Winner!

  • Race: Zerg Zerg
  • Spawn Location: 1:00

Harstem

  • Race: Protoss Protoss
  • League: Grandmaster
  • Spawn Location: 7:00

Event: HomeStory Cup XXIV

VOD

Have the link to the VOD?

Description

Time

  • Played on: Dec. 1, 2023, 9:33 a.m.
  • Length: 31:35

All games in this series

Show
View Real Time Build Order
Export as new Build Order

Serral Zerg - Winner!

Build Orders: Hatch First, Brood Lord Corruptor 

Get SALT Encoding   

  12  0:00  Drone  
  13  0:12  Overlord  
  13  0:17  Drone  
  14  0:30  Drone  
  14  0:31  Drone  
  16  0:48  Hatchery  
  15  0:51  Drone  
  15  0:55  Drone  
  17  0:58  Drone  
  18  1:10  Extractor  
  17  1:13  Spawning Pool  
  17  1:16  Drone  
  17  1:20  Drone  
  18  1:27  Drone  
  19  1:38  Drone  
  20  1:50  Drone  
  21  1:59  Queen  
  21  2:00  Zergling x2, Queen  
  26  2:01  Overlord  
  26  2:10  Drone  
  26  2:11  Drone  
  26  2:13  Metabolic Boost  
  28  2:22  Drone x2  
  30  2:35  Drone x2  
  32  2:42  Queen  
  34  2:46  Overlord  
  34  2:47  Drone  
  35  2:52  Extractor  
  35  2:53  Hatchery  
  35  2:58  Drone x2  
  36  3:08  Overlord  
  36  3:10  Drone  
  37  3:13  Drone x3  
  37  3:14  Queen  
  37  3:16  Zergling x2  
  37  3:17  Zergling x2  
  44  3:25  Queen  
  46  3:27  Zergling x4  
  46  3:28  Zergling x2  
  49  3:34  Overlord  
  49  3:37  Zergling x2  
  49  3:41  Zergling x4  
  52  3:45  Overlord  
  52  3:52  Queen  
  52  3:53  Zergling x2  
  52  3:54  Drone  
  52  3:55  Drone x3  
  59  4:00  Drone  
  60  4:03  Queen, Overlord  
  60  4:05  Drone  
  61  4:10  Drone  
  61  4:13  Drone  
  63  4:17  Spore Crawler  
  63  4:20  Drone x4  
  63  4:22  Overlord  
  63  4:23  Drone x2  
  68  4:28  Overlord  
  68  4:29  Drone  
  68  4:30  Drone  
  70  4:37  Overlord  
  70  4:38  Roach Warren  
  70  4:41  Drone  
  70  4:42  Drone  
  71  4:49  Drone x2  
  71  4:50  Zergling x4  
  71  4:51  Drone  
  74  4:53  Lair  
  74  4:55  Extractor  
  74  4:56  Extractor  
  74  4:58  Drone x2  
  74  5:00  Drone  
  74  5:04  Drone x6  
  80  5:08  Drone  
  81  5:14  Overlord  
  81  5:16  Hatchery  
  81  5:17  Drone  
  81  5:22  Extractor  
  81  5:23  Drone  
  81  5:26  Evolution Chamber  
  81  5:28  Spore Crawler, Overlord  
  79  5:36  Extractor  
  79  5:37  Drone x4, Extractor  
  81  5:47  Overlord  
  78  5:50  Drone x6  
  78  5:51  Drone  
  78  5:53  Unknown  
  78  5:54  Drone  
  78  5:56  Roach x2  
  89  6:02  Overseer, Spire  
  89  6:06  Overlord x3  
  89  6:07  Roach x4  
  96  6:22  Roach  
  96  6:25  Evolution Chamber  
  90  6:26  Roach x6  
  90  6:29  Roach x3  
  105  6:33  Roach x3  
  105  6:34  Roach  
  105  6:37  Roach x2  
  113  6:41  Roach  
  113  6:42  Overlord  
  113  6:45  Roach x2  
  113  6:46  Roach  
  118  6:57  Glial Reconstitution  
  118  7:01  Roach x3  
  122  7:02  Drone x5  
  122  7:07  Drone x3  
  122  7:08  Zerg Missile Weapons Level 1  
  129  7:11  Roach x2  
  129  7:12  Roach  
  129  7:15  Overlord  
  134  7:22  Drone x3  
  134  7:23  Drone x2  
  136  7:31  Extractor  
  136  7:32  Drone  
  136  7:33  Overlord x2  
  136  7:36  Zerg Flyer Weapons Level 1  
  136  7:37  Overlord  
  136  7:40  Drone  
  136  7:41  Drone x6  
  143  7:52  Overlord  
  143  7:54  Zergling x8  
  147  8:00  Zergling x4  
  147  8:01  Zergling x2  
  147  8:03  Overlord  
  147  8:04  Overlord x2  
  150  8:11  Hatchery  
  150  8:12  Zergling x10  
  151  8:30  Mutalisk x11, Baneling Nest  
  151  8:31  Mutalisk  
  174  8:37  Infestation Pit  
  174  8:38  Zergling x10  
  178  8:43  Overlord  
  178  8:44  Mutalisk  
  178  8:45  Mutalisk  
  182  8:56  Drone  
  182  8:57  Overlord x4  
  182  9:00  Overlord  
  182  9:02  Overlord, Evolution Chamber, Zerg Missile Weapons Level 2  
  182  9:09  Spore Crawler  
  181  9:11  Spine Crawler  
  181  9:12  Zergling x16  
  187  9:17  Hive  
  187  9:18  Drone x2  
  187  9:21  Centrifugal Hooks  
  187  9:23  Drone x2  
  191  9:25  Drone x2  
  191  9:29  Drone  
  194  9:32  Zerg Melee Weapons Level 1  
  194  9:37  Drone x2  
  192  9:43  Drone x2  
  192  9:44  Zergling x16  
  197  10:04  Zergling x24  
  189  10:16  Zergling x14, Drone  
  189  10:17  Zergling x6  
  190  10:29  Corruptor x4  
  190  10:33  Adrenal Glands  
  190  10:35  Greater Spire  
  190  10:36  Ravager x4  
  190  10:37  Baneling x6  
  190  10:38  Baneling x7  
  190  10:39  Extractor  
  190  10:40  Extractor  
  190  10:47  Drone x3  
  190  10:48  Drone x3  
  190  10:49  Zergling x6  
  199  10:51  Baneling  
  199  10:52  Baneling x7  
  199  10:56  Hatchery  
  198  10:58  Pneumatized Carapace, Overseer  
  198  11:15  Baneling x16  
  193  11:24  Baneling x13  
  191  11:31  Zerg Melee Weapons Level 2, Zerg Ground Armor Level 1  
  190  11:35  Zergling x10  
  192  11:46  Brood Lord x4  
  199  11:53  Zergling x2  
  199  11:54  Zergling x10  
  196  12:06  Zergling x58  
  196  12:07  Zergling x8  
  180  12:10  Zergling x4  
  180  12:13  Queen x5  
  183  12:19  Zergling x16  
  187  12:31  Hatchery  
  187  12:33  Hatchery  
  187  12:34  Zergling x10  
  189  12:40  Baneling x4  
  189  12:41  Baneling x2  
  184  13:00  Zergling x32  
  196  13:21  Zergling x6  
  194  13:32  Corruptor  
  194  13:33  Corruptor x3  
  195  13:35  Overseer  
  195  13:38  Baneling x18  
  192  13:43  Zerg Ground Armor Level 2  
  192  13:47  Drone  
  192  13:48  Drone x2  
  192  13:49  Spine Crawler  
  192  13:51  Zerg Flyer Armor Level 1  
  192  13:54  Spine Crawler  
  190  14:00  Neural Parasite  
  190  14:01  Burrow  
  190  14:07  Hydralisk Den  
  190  14:09  Brood Lord x4  
  196  14:10  Extractor  
  196  14:11  Extractor  
  196  14:14  Zergling x10  
  199  14:17  Zerg Melee Weapons Level 3  
  193  14:24  Infestor x3  
  193  14:29  Baneling x6  
  193  14:30  Baneling  
  199  14:36  Spore Crawler x2  
  199  14:37  Grooved Spines  
  192  14:38  Lurker Den  
  192  14:44  Baneling  
  192  14:45  Baneling x2  
  191  14:47  Ultralisk Cavern  
  191  14:51  Infestor x2, Spore Crawler  
  191  14:52  Spore Crawler, Corruptor x4  
  195  14:54  Overseer x2, Spore Crawler  
  185  15:09  Corruptor x6  
  185  15:10  Corruptor  
  198  15:14  Overlord x3  
  198  15:16  Overlord  
  198  15:20  Infestor  
  200  15:27  Muscular Augments  
  197  15:30  Hydralisk x2  
  199  15:37  Spine Crawler  
  198  15:45  Drone x2  
  198  15:47  Hatchery  
  198  15:49  Unknown  
  198  15:56  Zerg Flyer Weapons Level 2  
  198  15:59  Drone  
  198  16:00  Spire  
  196  16:04  Extractor  
  196  16:05  Drone x3  
  196  16:08  Corruptor  
  200  16:11  Zerg Missile Weapons Level 3  
  200  16:12  Seismic Spines  
  200  16:15  Overseer  
  195  16:34  Hydralisk x2  
  197  16:47  Overlord x3  
  196  16:54  Zerg Ground Armor Level 3, Lurker x2  
  196  16:55  Zergling x2  
  192  17:09  Adaptive Talons  
  192  17:10  Hydralisk x3  
  192  17:14  Brood Lord  
  192  17:15  Lurker x2, Overseer  
  198  17:19  Overlord  
  198  17:22  Overlord  
  198  17:24  Infestor x6  
  198  17:26  Zergling x2  
  198  17:34  Hydralisk x2  
  199  17:43  Zerg Flyer Armor Level 2  
  197  17:52  Lurker x2, Chitinous Plating  
  199  18:13  Zerg Flyer Weapons Level 3  
  195  18:30  Zergling x10  
  198  18:44  Hatchery  
  198  18:47  Corruptor x3  
  197  19:00  Zergling x6  
  200  19:11  Anabolic Synthesis  
  200  19:38  Spore Crawler  
  200  19:41  Spore Crawler  
  198  19:47  Overseer  
  198  20:10  Corruptor x2, Hatchery  
  185  20:52  Brood Lord x3  
  185  20:53  Corruptor x5  
  195  21:22  Corruptor x4  
  176  21:44  Overseer  
  172  21:53  Brood Lord  
  172  21:54  Brood Lord x2  
  176  21:57  Overseer  
  176  21:58  Zergling x2, Ultralisk x2  
  176  21:59  Zergling x22  
  200  22:01  Hatchery  
  200  22:02  Zerg Flyer Armor Level 3  
  198  22:17  Extractor  
  198  22:18  Extractor  
  198  22:19  Hatchery  
  192  22:33  Zergling x24  
  194  22:56  Drone x3, Spore Crawler  
  194  22:57  Spore Crawler  
  195  22:59  Spore Crawler  
  195  23:03  Zergling x6  
  199  23:07  Queen  
  197  23:27  Zergling x2  
  197  23:28  Zergling x2  
  193  23:42  Ultralisk  
  193  23:43  Baneling x8, Hatchery  
  199  23:52  Drone  
  194  23:56  Ultralisk  
  198  24:04  Drone, Hatchery  
  198  24:19  Infestor  
  198  24:20  Infestor x3  
  198  24:25  Infestor x4  
  184  24:34  Ultralisk x2  
  191  24:41  Infestor x2  
  191  24:42  Infestor x2  
  191  24:44  Infestor x2  
  191  24:45  Infestor x2  
  193  24:58  Zergling x14  
  199  25:15  Hatchery  
  198  25:26  Spore Crawler x2  
  198  25:28  Spore Crawler  
  195  25:33  Viper x3  
  195  25:34  Hatchery  
  192  25:35  Corruptor x4  
  197  25:54  Spore Crawler x2  
  197  25:55  Spore Crawler  
  197  25:56  Corruptor x3  
  199  26:08  Hatchery  
  197  26:23  Spore Crawler  
  190  26:25  Zergling x16  
  190  26:26  Zergling x4  
  199  26:37  Extractor  
  198  26:43  Zergling x2  
  199  26:56  Zergling x6  
  198  27:08  Zergling x14  
  199  27:20  Corruptor x2  
  195  27:37  Corruptor  
  195  27:39  Brood Lord  
  195  27:41  Overseer x2  
  198  28:00  Zergling x6  
  198  28:04  Zergling x4, Hatchery  
  198  28:05  Zergling x6  
  199  28:11  Infestor x8, Spore Crawler x2  
  194  28:18  Zergling x12  
  200  28:36  Spore Crawler  
  200  28:40  Extractor  
  198  28:43  Extractor  
  195  28:57  Zergling x10  
  195  29:01  Overseer  
  199  29:31  Corruptor  
  196  29:50  Corruptor x3  
  172  30:07  Corruptor x10  
  163  30:17  Corruptor x6  
  167  30:22  Corruptor x4  
  167  30:23  Corruptor x4  
  167  30:26  Brood Lord x9  
  195  30:33  Corruptor  
  177  30:41  Corruptor  
  168  30:47  Corruptor x8  
  168  30:48  Corruptor x10  
  166  30:57  Zergling x14  
  166  30:58  Queen x3  
  166  30:59  Queen  
  181  31:08  Overlord x4  
  177  31:13  Hatchery  
  177  31:16  Zergling x10  
Show
View Real Time Build Order
Export as new Build Order

Harstem Protoss 

Build Orders: 1 Gate Expand, Oracle Opening, Zealot Archon, Archon Drop 

Get SALT Encoding   

  12  0:00  Probe  
  13  0:12  Probe  
  14  0:17  Pylon  
  14  0:24  Probe (Chrono Boost)  
  14  0:27  Assimilator  
  15  0:36  Probe (Chrono Boost)  
  16  0:45  Gateway, Probe (Chrono Boost)  
  17  0:51  Probe  
  18  1:03  Probe  
  19  1:15  Probe  
  20  1:22  Nexus  
  20  1:33  Cybernetics Core  
  20  1:35  Probe  
  21  1:40  Assimilator  
  21  1:47  Probe  
  21  1:49  Pylon  
  22  1:59  Probe  
  23  2:06  Adept (Chrono Boost)  
  23  2:11  Probe  
  23  2:14  Stargate  
  26  2:23  Probe (Chrono Boost)  
  26  2:24  Warp Gate  
  26  2:29  Adept  
  29  2:34  Probe (Chrono Boost)  
  29  2:35  Probe (Chrono Boost)  
  31  2:40  Pylon  
  31  2:43  Probe (Chrono Boost)  
  33  2:44  Probe (Chrono Boost)  
  33  2:48  Probe (Chrono Boost)  
  33  2:50  Probe  
  35  3:00  Probe  
  35  3:03  Void Ray (Chrono Boost)  
  40  3:06  Probe  
  40  3:07  Pylon  
  41  3:14  Probe  
  41  3:18  Probe  
  43  3:22  Gateway  
  43  3:26  Probe  
  44  3:30  Oracle (Chrono Boost), Probe  
  48  3:38  Probe  
  49  3:42  Probe  
  49  3:44  Pylon  
  50  3:49  Nexus  
  50  3:58  Probe  
  50  4:00  Oracle  
  54  4:09  Probe  
  55  4:11  Probe  
  55  4:13  Twilight Council, Pylon  
  55  4:15  Adept  
  55  4:16  Assimilator  
  58  4:21  Probe  
  58  4:23  Probe  
  60  4:24  Adept  
  60  4:26  Pylon  
  62  4:33  Probe  
  62  4:35  Probe  
  64  4:39  Assimilator  
  64  4:40  Gateway x2  
  64  4:45  Charge (Chrono Boost)  
  64  4:46  Probe  
  64  4:48  Zealot x2  
  64  4:50  Probe  
  70  4:58  Probe  
  70  4:59  Robotics Facility  
  71  5:02  Probe  
  71  5:03  Probe  
  73  5:09  Zealot  
  73  5:10  Probe  
  73  5:11  Zealot  
  73  5:14  Pylon  
  78  5:15  Probe  
  78  5:16  Probe  
  78  5:19  Shield Battery  
  80  5:22  Probe  
  80  5:27  Probe  
  80  5:28  Probe  
  83  5:29  Templar Archives  
  83  5:30  Zealot  
  83  5:31  Zealot  
  86  5:35  Probe  
  86  5:40  Pylon, Probe  
  89  5:49  Zealot  
  91  5:50  Zealot x2, Warp Prism (Chrono Boost)  
  91  5:51  Zealot  
  91  5:55  Probe  
  99  5:59  Probe  
  99  6:02  Assimilator  
  96  6:04  Pylon  
  96  6:07  Assimilator  
  96  6:09  Probe  
  96  6:10  High Templar x2  
  101  6:12  Pylon  
  101  6:13  High Templar x2  
  101  6:14  Archon  
  101  6:18  Archon  
  105  6:19  Probe  
  105  6:24  Forge  
  104  6:34  Probe  
  104  6:35  Probe  
  104  6:38  Probe  
  107  6:40  Nexus  
  107  6:44  Zealot x2  
  107  6:46  Probe  
  109  6:47  Immortal (Chrono Boost), Probe  
  109  6:50  Probe  
  109  6:53  Robotics Bay  
  109  6:56  Robotics Facility  
  109  6:58  Probe  
  108  7:02  Protoss Ground Weapons Level 1 (Chrono Boost)  
  108  7:04  Zealot x4  
  108  7:07  Phoenix (Chrono Boost)  
  110  7:15  Probe  
  110  7:19  Immortal (Chrono Boost)  
  110  7:20  Probe  
  112  7:25  Probe  
  111  7:31  Probe  
  111  7:33  High Templar x2  
  111  7:34  High Templar x2, Gateway  
  111  7:35  Gateway  
  120  7:38  Archon x2  
  120  7:41  Pylon  
  120  7:45  Probe  
  120  7:47  Assimilator  
  121  7:55  Disruptor (Chrono Boost)  
  129  8:00  Assimilator, Shield Battery, Probe x2  
  131  8:06  Disruptor (Chrono Boost)  
  131  8:12  Blink (Chrono Boost)  
  131  8:13  Gateway  
  131  8:16  Gateway  
  131  8:18  Stalker x2, Pylon  
  131  8:19  Disruptor (Chrono Boost)  
  139  8:26  Probe  
  136  8:28  Probe, Stalker x2  
  136  8:29  Shield Battery  
  136  8:31  Probe  
  136  8:32  Shield Battery  
  136  8:34  Phoenix (Chrono Boost), Photon Cannon, Pylon  
  142  8:40  Probe  
  145  8:43  Stargate, Shield Battery  
  145  8:46  Photon Cannon  
  145  8:49  Probe  
  145  8:50  Probe  
  145  8:52  High Templar x2  
  151  8:57  Archon  
  151  8:58  Phoenix (Chrono Boost)  
  151  9:01  Probe  
  151  9:02  Probe  
  155  9:03  Protoss Ground Weapons Level 2 (Chrono Boost)  
  155  9:05  Photon Cannon  
  155  9:07  Photon Cannon x2  
  155  9:11  Pylon  
  155  9:12  Zealot  
  155  9:13  Pylon  
  155  9:19  Immortal (Chrono Boost)  
  159  9:24  Protoss Air Weapons Level 1, Pylon  
  159  9:25  Pylon  
  159  9:27  Phoenix (Chrono Boost)  
  156  9:32  Probe, Pylon  
  156  9:34  Zealot  
  156  9:35  Phoenix (Chrono Boost)  
  156  9:37  Probe x2  
  152  9:39  Probe  
  152  9:44  Phoenix (Chrono Boost)  
  152  9:45  Probe  
  154  9:49  Probe  
  154  9:51  Photon Cannon  
  157  9:54  Probe  
  157  9:57  Phoenix (Chrono Boost)  
  157  9:58  Probe  
  159  10:01  Zealot x3  
  159  10:05  Phoenix (Chrono Boost)  
  165  10:09  Zealot x3  
  171  10:23  Phoenix (Chrono Boost)  
  171  10:24  High Templar x2, Forge  
  171  10:25  High Templar x2  
  175  10:35  Probe  
  174  10:36  Immortal (Chrono Boost)  
  174  10:37  Archon x2  
  174  10:38  Fleet Beacon  
  174  10:40  Zealot  
  174  10:42  Pylon  
  181  10:45  Observer (Chrono Boost)  
  181  10:51  Photon Cannon  
  181  10:59  Warp Prism  
  181  11:01  High Templar x4  
  181  11:02  Zealot x4  
  199  11:07  Protoss Shields Level 1 (Chrono Boost), Archon  
  199  11:09  Archon  
  199  11:25  High Templar  
  199  11:28  High Templar, Zealot  
  199  11:35  Archon  
  191  11:47  Probe  
  191  11:49  Probe  
  191  11:53  Nexus, Zealot x4  
  191  11:54  Zealot x2, Pylon, Protoss Ground Weapons Level 3 (Chrono Boost)  
  191  11:59  Observer  
  192  12:01  Protoss Air Weapons Level 2 (Chrono Boost)  
  192  12:06  Immortal  
  152  12:08  Stalker x2  
  152  12:14  Stalker x6  
  150  12:21  Tempest (Chrono Boost)  
  152  12:31  Probe  
  152  12:33  Tempest (Chrono Boost)  
  152  12:34  Photon Cannon  
  152  12:35  Photon Cannon  
  152  12:36  Shield Battery  
  153  12:41  High Templar  
  153  12:42  High Templar x3, Zealot x4  
  167  12:47  Archon x2  
  167  12:48  Probe  
  168  12:56  Tempest (Chrono Boost), Photon Cannon  
  168  12:57  Photon Cannon  
  167  13:05  Zealot x4  
  191  13:15  Assimilator  
  191  13:17  Tempest (Chrono Boost)  
  191  13:19  Mothership (Chrono Boost), Zealot x4  
  198  13:20  Probe x2 (Chrono Boost)  
  198  13:21  Probe (Chrono Boost)  
  198  13:25  Zealot  
  198  13:26  Stalker x2  
  194  13:28  Psionic Storm  
  194  13:31  Stalker  
  178  13:34  Tempest (Chrono Boost)  
  183  13:41  Protoss Shields Level 2 (Chrono Boost)  
  183  13:46  Zealot x5  
  185  13:52  High Templar  
  187  13:55  Photon Cannon x2  
  187  14:01  Zealot x2  
  191  14:07  Zealot x3  
  197  14:11  High Templar  
  197  14:13  Pylon  
  199  14:19  High Templar  
  187  14:34  High Templar x3  
  187  14:42  Photon Cannon  
  187  14:43  Probe  
  187  14:44  Photon Cannon  
  186  14:45  Photon Cannon  
  186  14:46  Protoss Air Weapons Level 3 (Chrono Boost)  
  186  14:47  Photon Cannon  
  186  14:48  Photon Cannon  
  186  14:51  Shield Battery  
  186  14:57  Photon Cannon  
  186  15:02  Photon Cannon  
  186  15:03  Protoss Ground Armor Level 1 (Chrono Boost)  
  186  15:06  Pylon  
  186  15:07  High Templar  
  186  15:08  Nexus  
  186  15:10  Probe  
  186  15:11  Assimilator  
  187  15:17  High Templar x4  
  193  15:22  Observer  
  193  15:24  Archon  
  193  15:25  Archon  
  193  15:28  Oracle  
  194  15:35  Nexus  
  194  15:36  Pylon  
  194  15:46  Photon Cannon  
  194  15:47  Photon Cannon  
  194  15:48  Pylon  
  194  15:49  Shield Battery  
  194  15:51  Pylon  
  194  15:52  Photon Cannon  
  190  15:57  Zealot x6  
  190  16:00  Protoss Shields Level 3 (Chrono Boost)  
  178  16:07  Zealot x8  
  190  16:19  Pylon  
  190  16:21  Shield Battery  
  190  16:24  Shield Battery  
  182  16:27  Nexus  
  182  16:29  High Templar x4  
  182  16:30  Zealot x4  
  182  16:31  Pylon  
  190  16:34  Tempest x2  
  198  16:44  Assimilator  
  198  16:48  Photon Cannon  
  198  16:51  Archon x2  
  198  16:53  Observer  
  199  16:55  Photon Cannon, Shield Battery  
  199  16:57  Shield Battery  
  199  16:58  Shield Battery  
  199  16:59  Shield Battery  
  199  17:02  Pylon  
  199  17:04  Pylon  
  197  17:17  Zealot  
  199  17:30  Protoss Air Armor Level 1  
  199  17:31  Observer (Chrono Boost)  
  200  17:51  Shield Battery  
  199  17:53  Shield Battery  
  199  17:54  Shield Battery  
  199  17:55  Shield Battery  
  199  18:05  Photon Cannon  
  199  18:16  Photon Cannon  
  199  18:26  Zealot x2  
  197  18:30  Unknown, Zealot  
  199  18:51  Zealot x2  
  199  19:01  Observer  
  193  19:25  Oracle  
  193  19:29  High Templar  
  194  19:45  Pylon  
  194  19:47  Pylon  
  194  19:59  Photon Cannon  
  194  20:02  Photon Cannon  
  194  20:12  Nexus  
  194  20:14  Photon Cannon  
  194  20:16  Photon Cannon, Shield Battery  
  194  20:17  Photon Cannon, Shield Battery, Pylon  
  194  20:19  Photon Cannon  
  192  20:30  Photon Cannon  
  192  20:31  Photon Cannon  
  192  20:32  Photon Cannon  
  192  20:34  Zealot x6  
  180  20:54  Zealot x7  
  189  20:59  Tempest x2  
  192  21:36  Stalker x5  
  169  21:40  Carrier (Chrono Boost)  
  175  21:49  Zealot x2  
  179  21:57  Photon Cannon  
  179  21:58  Photon Cannon  
  179  22:00  Photon Cannon  
  185  22:04  Stargate  
  185  22:05  Shield Battery  
  185  22:07  Carrier (Chrono Boost), Stargate  
  185  22:10  Stargate  
  185  22:14  Protoss Air Armor Level 2 (Chrono Boost)  
  185  22:16  Pylon  
  185  22:17  High Templar x2  
  185  22:18  Zealot x5  
  197  22:36  Oracle  
  186  22:48  Photon Cannon  
  186  22:49  Photon Cannon  
  186  22:50  Photon Cannon  
  184  22:51  Photon Cannon  
  184  22:52  Photon Cannon x2  
  184  22:53  Photon Cannon  
  184  22:56  High Templar x2  
  184  22:57  Assimilator x2  
  189  22:59  Observer (Chrono Boost)  
  190  23:06  Observer (Chrono Boost)  
  190  23:07  High Templar x3  
  190  23:08  High Templar x2  
  200  23:13  Photon Cannon  
  200  23:16  Shield Battery  
  200  23:24  Carrier (Chrono Boost)  
  196  23:36  Zealot x2  
  200  23:54  Observer  
  187  23:57  Zealot x4  
  191  24:07  Carrier  
  192  24:23  Carrier  
  181  24:39  Archon x2  
  181  24:41  Observer (Chrono Boost)  
  181  24:43  Zealot x7  
  181  24:45  Observer (Chrono Boost)  
  199  25:04  Observer (Chrono Boost)  
  200  25:09  Carrier x2 (Chrono Boost)  
  190  25:17  Zealot x5  
  175  25:35  Oracle (Chrono Boost)  
  178  25:48  Zealot  
  178  25:49  Zealot x2  
  189  25:50  Protoss Ground Armor Level 2 (Chrono Boost)  
  189  25:51  Carrier (Chrono Boost)  
  189  25:54  Carrier (Chrono Boost)  
  189  25:58  Zealot x2  
  189  25:59  Zealot  
  189  26:03  High Templar  
  197  26:23  Pylon  
  197  26:25  Pylon  
  197  26:28  Pylon  
  193  26:40  Zealot x3  
  199  26:47  Nexus  
  199  26:50  Photon Cannon  
  199  26:51  Photon Cannon  
  199  26:53  Photon Cannon  
  199  26:56  Photon Cannon  
  199  26:57  Photon Cannon  
  199  26:59  Photon Cannon  
  199  27:01  Photon Cannon  
  193  27:02  Photon Cannon  
  193  27:08  Zealot x3  
  176  27:21  Carrier (Chrono Boost)  
  158  27:26  Carrier (Chrono Boost)  
  182  27:35  High Templar  
  182  27:36  High Templar x3  
  190  27:40  Carrier (Chrono Boost)  
  190  27:41  Carrier (Chrono Boost), Archon  
  190  27:42  Observer  
  193  27:51  High Templar  
  195  27:52  Oracle (Chrono Boost)  
  195  27:53  Photon Cannon  
  195  27:55  Archon, Shield Battery  
  195  28:00  Zealot x2  
  199  28:08  Photon Cannon  
  199  28:10  Tempest (Chrono Boost)  
  200  28:20  Protoss Air Armor Level 3  
  200  28:35  Shield Battery  
  200  28:36  Assimilator  
  182  28:50  Tempest  
  182  28:54  Observer  
  184  29:01  High Templar x4  
  184  29:02  High Templar x3  
  192  29:05  Archon, Immortal (Chrono Boost)  
  196  29:12  Oracle  
  196  29:13  Archon x2  
  196  29:14  Immortal (Chrono Boost)  
  199  29:20  Pylon  
  193  29:34  Zealot x3  
  198  29:42  Zealot  
  179  30:11  Zealot x5  
  179  30:12  Zealot x2  
  186  30:20  Immortal  
  186  30:21  Immortal  
  187  30:38  Zealot x2  
  187  30:39  Zealot  
  146  31:28  Archon x2  
Tags
 
Add a new tag
Caveats
  • Supply blocks, unpowered buildings, or Contaminate may cause inaccurate times.
  • Supply counts are checked every 10 seconds.